AoeStats
← DAN13L

Nomad

509548121Analyzed
2v2 RM · 7d ago on Sep 27, 2026· 56m 47s· 4 players
Game mode
Random Map
Map size
176×176
Population
200
Speed
Normal
Resources
Standard
Victory
Conquest
Starting age
Dark Age
Ending age
Imperial Age
RankedLock teamsTeams togetherTeam positionsShared explorationLock speedFull tech treeHidden civsTurbo modeCheats
Victory
Defeat
🇲🇽 Franks · Mexico
1011
+13
🇦🇷 Mapuche · Argentina
1011
+13
🇺🇸 Koreans · United States
944
-13
🇺🇸 Persians · United States
941
-13
3ms
8:25 Loom
13:15 Feudal Age
14:28 Double-Bit Axe
15:42 Wheelbarrow
14:59 Champi Runner
15:40 Fishing Lines
17:02 Town Watch
23:21 Castle Age
22:16 Horse Collar
22:59 Stone Mining
24:54 Stone Shaft Mining
24:34 Bow Saw
24:25 Heavy Plow
24:16 Gold Mining
26:47 Gillnets
28:06 Gold Shaft Mining
32:48 Pikeman
39:45 Imperial Age
37:34 Hand Cart
40:13 Capped Ram
41:56 Fletching
42:07 Padded Archer Armor
42:16 Malon
43:18 Bodkin Arrow
43:39 Leather Archer Armor
44:55 Crop Rotation
44:55 Ballistics
44:13 Elite Bolas Rider
46:28 Chemistry
45:14 Treadmill Crane
47:40 Murder Holes
48:00 Masonry
48:50 Ring Archer Armor
48:23 Town Patrol
57:40 Bombard Tower
DAN13L
10:02 Loom
13:07 Feudal Age
14:31 Wheelbarrow
13:45 Town Watch
19:55 Double-Bit Axe
21:07 Forging
24:36 Castle Age
23:14 Scale Barding Armor
27:29 Wheelbarrow
27:06 Bow Saw
28:08 Husbandry
30:16 Gold Mining
31:39 Iron Casting
32:18 Chain Barding Armor
32:24 Hand Cart
34:20 Herbal Medicine
34:18 Ordonnance Companies
36:22 Murder Holes
40:28 Gold Shaft Mining
42:51 Imperial Age
41:24 Scale Mail Armor
41:36 Masonry
42:26 Chain Mail Armor
41:53 Treadmill Crane
44:39 Chemistry
43:25 Capped Ram
44:10 Cavalier
46:11 Conscription
47:21 Paladin
49:40 Plate Barding Armor
50:06 Blast Furnace
50:25 Town Patrol
50:57 Plate Mail Armor
50:22 Stone Mining
50:52 Light Cavalry
52:07 Architecture
53:26 Ballistics
55:31 Chivalry
55:56 Fletching
56:19 Fortified Wall
56:40 Illumination
Ardwen
13:52 Feudal Age
14:34 Horse Collar
15:40 Double-Bit Axe
17:03 Loom
17:54 Wheelbarrow
21:43 Castle Age
20:55 Stone Mining
21:26 Fletching
22:39 Heavy Plow
22:53 Bow Saw
29:23 Eupseong
30:50 Bodkin Arrow
31:40 Town Watch
34:10 Ballistics
33:46 Murder Holes
34:29 Hand Cart
37:32 Masonry
37:36 Pikeman
45:55 Imperial Age
49:46 Chemistry
52:53 Elite Cannon Galleon
TBC Nation
8:10 Loom
14:33 Feudal Age
16:08 Double-Bit Axe
21:14 Castle Age
23:58 Fletching
26:00 Scale Barding Armor
25:56 Scale Mail Armor
29:00 Bloodlines
29:37 Pikeman
32:53 Bow Saw
37:30 Horse Collar
38:17 Gambesons
38:35 Squires
39:11 Arson
40:47 Wheelbarrow
42:33 Gold Mining
46:28 Imperial Age
48:00 Chemistry
47:34 Forging
47:39 Chain Mail Armor
47:06 Halberdier
Connection lost

Rejoining the realm…

Still unreachable

The connection could not be restored.

Session expired

The server has moved on; the page needs a fresh start.